 Dungeon Crawl Stone Soup version 0.29-a0-380-gf50f0a9fbc (webtiles) character file.

Game seed: 5199539514939889838

2557 swappor the Fighter (level 9, -4/127 HPs)
             Began as a Minotaur Berserker on May 5, 2022.
             Was an Elder of Trog.
             Slain by an orc warrior
             ... wielding a +0 trident
              (6 damage)
             ... on level 6 of the Dungeon.
             The game lasted 00:25:29 (6947 turns).

swappor the Fighter (Minotaur Berserker)            Turns: 6947, Time: 00:25:30

Health: -4/127     AC: 16    Str: 22    XL:     9   Next: 31%
Magic:  8/8        EV:  1    Int:  8    God:    Trog [****..]
Gold:   272        SH:  6    Dex: 10    Spells: 8/8 levels left

rFire   . . .      SeeInvis .   b - +4 war axe (vorpal)
rCold   . . .      Faith    .   n - +0 kite shield {reflect}
rNeg    . . .      Spirit   .   p - +0 crystal plate armour
rPois   .          Reflect  +   (helmet restricted)
rElec   .          Harm     .   (no cloak)
rCorr   .          Rampage  .   e - +0 pair of gloves
Will    .....                   (no boots)
Stlth   ..........              z - amulet of magic regeneration
HPRegen 0.31/turn               (no ring)
MPRegen 0.51/turn               (no ring)

@: berserking, very quick
A: horns 2, retaliatory headbutt
a: Renounce Religion, Berserk, Trog's Hand, Brothers in Arms


You were on level 6 of the Dungeon.
You worshipped Trog.
Trog was greatly pleased with you.
You visited 1 branch of the dungeon, and saw 6 of its levels.
You also visited: Sewer.

You collected 447 gold pieces.
You spent 175 gold pieces at shops.

Inventory:

Hand Weapons
 b - a +4 vorpal war axe (weapon)
   (You bought it in a shop on level 4 of the Dungeon)
Missiles
 q - 4 curare-tipped darts
 r - 8 boomerangs (quivered)
 w - 7 poisoned darts
Armour
 e - a +0 pair of gloves (worn)
   (You found it on level 1 of the Dungeon)
 n - a +0 kite shield of reflection (worn)
   (You found it on level 6 of the Dungeon)
 p - a +0 crystal plate armour (worn)
   (You found it on level 6 of the Dungeon)
Jewellery
 z - an amulet of magic regeneration (around neck)
   (You found it on level 6 of the Dungeon)
Wands
 i - a wand of iceblast (7)
   (You took it off a hobgoblin on level 6 of the Dungeon)
 y - a wand of mindburst (13)
   (You found it on level 5 of the Dungeon)
Scrolls
 a - 2 scrolls of identify {@r1}
 d - a scroll of enchant weapon {unknown}
 g - a scroll of immolation {unknown}
 h - 2 scrolls of fog
 k - a scroll of teleportation {unknown}
 l - a scroll of poison {unknown}
 o - 2 scrolls of enchant armour {unknown}
 s - a scroll of fear {unknown}
 u - a scroll of acquirement {unknown}
 S - a scroll of summoning
Potions
 c - a potion of cancellation {unknown}
 f - 4 potions of heal wounds {unknown}
 j - a potion of berserk rage {unknown}
 t - 2 potions of lignification {unknown}
 v - a potion of haste {unknown}
 x - a potion of might {unknown}
 J - 8 potions of curing {@q1}
 L - 4 potions of flight


   Skills:
 - Level 10.0 Fighting
 + Level 9.5(9.9) Axes
 - Level 4.5(7.5) Maces & Flails
 - Level 2.4 Armour
 - Level 2.1 Dodging
 - Level 5.0 Evocations


You had 8 spell levels left.
You didn't know any spells.
Your spell library was empty.

Dungeon Overview and Level Annotations

Branches:
Dungeon (6/15)              Sewer (visited)
 Temple: D:4-7

Altars:

Shops:
D:4 (


Innate Abilities, Weirdness & Mutations

You have a pair of horns on your head.
You reflexively headbutt those who attack you in melee.


Message History

The gnoll hits you but does no damage.
A hobgoblin comes into view. It is wielding a +0 dagger.
A gnoll sergeant comes into view. It is wielding a +2 vampiric spear.
You throw a boomerang. The boomerang closely misses the gnoll.
The orc priest shouts!
The hobgoblin shouts!
The boomerang hits the orc priest but does no damage.
You hear a shout!
You block the gnoll's attack.
You throw a boomerang. The boomerang closely misses the gnoll.
The boomerang completely misses the orc priest.
A gnoll comes into view. It is wielding a +0 spear.
You barely miss the orc priest.
The orc priest hits you but does no damage.
The gnoll sergeant hits you from afar with a +2 vampiric spear.
You take 2 damage, and have 83/85 hp.
You slash the orc priest!
You kill the orc priest!
Trog accepts your kill. The gnoll hits you but does no damage.
The gnoll sergeant hits you but does no damage.
You throw a boomerang.
The gnoll sergeant blocks the boomerang.
The gnoll hits you from afar with a +0 spear.
You block the gnoll sergeant's attack. The gnoll hits you but does no damage.
The gnoll sergeant hits you from afar with a +2 vampiric spear.
The hobgoblin hits you but does no damage.
You take 4 damage, and have 79/85 hp.
You slash the gnoll! You headbutt the gnoll.
You kill the gnoll!
Trog accepts your kill.
You hit the hobgoblin.
You kill the hobgoblin!
Trog accepts your kill. The gnoll barely misses you.
The gnoll sergeant hits you from afar with a +2 vampiric spear.
You take 4 damage, and have 75/85 hp.
You throw a boomerang.
The boomerang hits the gnoll sergeant but does no damage.
The gnoll hits you from afar with a +0 spear.
The gnoll sergeant hits you from afar with a +2 vampiric spear!
The gnoll hits you but does no damage.
You take 13 damage, and have 62/85 hp.
You throw a boomerang.
The boomerang hits the gnoll sergeant but does no damage.
The gnoll hits you from afar with a +0 spear.
The gnoll sergeant hits you from afar with a +2 vampiric spear.
The gnoll hits you but does no damage. You block the gnoll's attack. x2
The gnoll sergeant hits you from afar with a +2 vampiric spear!
You take 13 damage, and have 49/85 hp.
You are too injured to fight recklessly!
You are too injured to fight recklessly!
The orc warrior shouts!
You hear a shout!
The gnoll hits you with a +0 spear.
The gnoll sergeant hits you with a +2 vampiric spear.
The gnoll hits you but does no damage.
Items here: $ )) †.
You take 8 damage, and have 41/85 hp.
You barely miss the gnoll. You hit the gnoll but do no damage.
You hit the gnoll sergeant. The gnoll hits you but does no damage.
The gnoll sergeant hits you with a +2 vampiric spear!
The gnoll sergeant draws strength from your wounds!
You block the gnoll's attack.
You take 10 damage, and have 31/85 hp.
You hit the gnoll. You hit the gnoll sergeant. You barely miss the gnoll.
The gnoll hits you with a +0 spear.
The gnoll sergeant hits you with a +2 vampiric spear.
The gnoll sergeant draws strength from your wounds!
The gnoll hits you with a +0 spear.
* * * LOW HITPOINT WARNING * * *
You take 9 damage, and have 22/85 hp.
You closely miss the gnoll. You slash the gnoll sergeant! You slash the gnoll!
You kill the gnoll!
Trog accepts your kill. The gnoll completely misses you.
The gnoll sergeant hits you but does no damage.
The gnoll sergeant hits you with a +2 vampiric spear.
* * * LOW HITPOINT WARNING * * *
The gnoll hits you with a +0 spear.
* * * LOW HITPOINT WARNING * * *
You take 10 damage, and have 12/85 hp.
A red film seems to cover your vision as you go berserk!
You feel yourself moving faster!
You feel mighty! The gnoll hits you with a +0 spear!
* * * LOW HITPOINT WARNING * * *
You block the orc warrior's attack.
The gnoll sergeant hits you with a +2 vampiric spear!
* * * LOW HITPOINT WARNING * * *
The gnoll sergeant draws strength from your wounds!
You now have 1/127 hp.
You barely miss the gnoll.
The gnoll sergeant shouts!
You headbutt the gnoll! You closely miss the gnoll sergeant.
You hear a bark!
You slash the gnoll!
You kill the gnoll!
Trog accepts your kill. The gnoll sergeant blocks your attack.
The gnoll sergeant hits you but does no damage.
The orc warrior hits you from afar with a +0 trident.
You die...

#######################
.'....))........'...#..
.g...o)@..).....'...#..
#....(..####'g########'#...#P
#.......#..... #..)# .#
#...(...#..... #...# P♣
#...... #......K #.>)### #♣PP


#gKho. #....... #...#P♣♣♣P♣. #ghhg ######## ##'''#PPPPP.. ♣♣ ####
###♣♣♣..P♣♣♣♣....♣.P.♣P.. ..♣♣..♣♣♣.♣P♣P.^PP♣........♣P.... You could see an orc
warrior and 2 gnoll sergeants.

Vanquished Creatures
  Pikel (D:4)
  Grinder (D:3)
  Eustachio (D:6)
  Menkaure (D:4)
  Edmund (D:4)
  A black bear (D:6)
  3 ogres
  A sky beast (D:6)
  A lemure (D:4)
  2 scorpions
  A gnoll sergeant (D:6)
  5 hounds
  3 jellies
  2 orc priests
  5 gnoll shamans
  An iguana (D:5)
  4 orc wizards
  16 gnolls
  13 adders
  A river rat (Sewer)
  A shadow imp (D:6)
  3 worms
  3 dart slugs
  12 orcs
  A bat (D:2)
  6 endoplasms
  7 giant cockroaches
  9 hobgoblins
  9 quokkas
  10 ball pythons
  6 frilled lizards (Sewer)
  15 goblins
  8 kobolds
  13 rats
167 creatures vanquished.

Vanquished Creatures (others)
  9 plants (D:6)
9 creatures vanquished.

Grand Total: 176 creatures vanquished

Notes
Turn   | Place    | Note
-------+----------+-------------------------------------------
     0 | D:1      | swappor the Minotaur Berserker began the quest for the Orb.
     0 | D:1      | Reached XP level 1. HP: 19/19 MP: 0/0
   109 | D:1      | Reached skill level 4 in Axes
   333 | D:1      | Found a faded altar of an unknown god.
   344 | D:1      | Reached XP level 2. HP: 25/26 MP: 1/1
   838 | D:2      | Reached skill level 5 in Axes
   884 | D:2      | Reached XP level 3. HP: 31/31 MP: 2/2
  1309 | D:2      | Reached ** piety under Trog
  1707 | D:3      | Reached XP level 4. HP: 33/39 MP: 3/3
  1804 | D:3      | Reached skill level 6 in Axes
  1841 | D:3      | Reached skill level 4 in Fighting
  2223 | D:3      | Reached skill level 5 in Fighting
  2232 | D:3      | Reached XP level 5. HP: 28/48 MP: 4/4
  2421 | D:3      | Noticed Grinder
  2428 | D:3      | Paralysed by Grinder for 5 turns
  2440 | D:3      | Paralysed by Grinder for 4 turns
  2623 | D:3      | Paralysed by Grinder for 7 turns
  2630 | D:3      | HP: 9/48 [Grinder/nerve-wracking pain (11)]
  2634 | D:3      | Killed Grinder
  2635 | D:3      | Reached skill level 6 in Fighting
  2635 | D:3      | Reached skill level 7 in Fighting
  2635 | D:3      | Reached XP level 6. HP: 12/60 MP: 5/5
  3487 | D:4      | Noticed Edmund
  3503 | D:4      | Killed Edmund
  3504 | D:4      | Reached skill level 8 in Fighting
  3710 | D:4      | Noticed Menkaure
  3716 | D:4      | Killed Menkaure
  3717 | D:4      | Reached skill level 2 in Maces & Flails
  3717 | D:4      | Reached XP level 7. HP: 69/69 MP: 6/6
  3780 | D:4      | Noticed Pikel
  3796 | D:4      | Killed Pikel
  3797 | D:4      | Reached skill level 9 in Fighting
  3797 | D:4      | Reached skill level 4 in Maces & Flails
  3797 | D:4      | Reached XP level 8. HP: 78/78 MP: 7/7
  3978 | D:4      | Found Tenuc's Antique Weapon Boutique.
  3983 | D:4      | Bought a runed war axe for 175 gold pieces
  4362 | D:5      | Entered Level 5 of the Dungeon
  4464 | D:5      | Reached skill level 10 in Fighting
  4467 | D:5      | Reached *** piety under Trog
  4587 | D:5      | Reached skill level 1 in Evocations
  4717 | D:5      | Reached skill level 7 in Axes
  4717 | D:5      | Reached skill level 2 in Evocations
  5169 | D:5      | Reached skill level 3 in Evocations
  5584 | D:6      | Noticed Eustachio
  5596 | D:6      | Killed Eustachio
  5666 | D:6      | Reached skill level 4 in Evocations
  5680 | D:6      | Reached skill level 8 in Axes
  5695 | D:6      | Reached XP level 9. HP: 63/85 MP: 8/8
  5736 | D:6      | Found a glowing drain.
  5744 | Sewer    | Entered a sewer
  5796 | Sewer    | Reached **** piety under Trog
  6455 | D:6      | Reached skill level 5 in Evocations
  6761 | D:6      | Reached skill level 9 in Axes
  6944 | D:6      | HP: 17/85 [gnoll sergeant/+2 vampiric spear (5)]
  6945 | D:6      | HP: 1/127 [gnoll sergeant/+2 vampiric spear (10)]
  6947 | D:6      | Slain by an orc warrior

Illustrated notes

Levels and vault maps discovered:
D:1:      lightli_arrival_maybe_door_vault, layout_basic,
          chequers_ecumenical_altar_simple_redux
D:2:      layout_basic
D:3:      layout_loops_cross, st_stairs_9, uniq_grinder
D:4:      layout_basic, serial_shops, nicolae_square_shop, uniq_edmund,
          uniq_menkaure, uniq_pikel
D:5:      layout_loops_corners, minmay_ogre_servants
D:6:      kennysheep_housing_project, layout_rooms, gup_sewer_entry_bubbles,
          serial_curves, eino_curves_03, eino_curves_03, eino_curves_01,
          uniq_eustachio

Skill      XL: |  1  2  3  4  5  6  7  8  9 |
---------------+----------------------------+-----
Axes           | 4 5 6 8 9 |  9.5
Fighting       | 5 7 8 9 10 | 10.0
Maces & Flails | 2 4 |  4.5
Evocations     | 4 5 |  5.0
Armour         | |  2.4
Dodging        | |  2.1

Action                   |  1- 3 |  4- 6 |  7- 9 || total
-------------------------+-------+-------+-------++-------
Melee: Hand axe          |    94 |   103 |       ||   197
       Headbutt          |    16 |    18 |    27 ||    61
       Punch             |       |     2 |     1 ||     3
       Dire flail        |       |    14 |    21 ||    35
       War axe           |       |       |   162 ||   162
Throw: Stone             |       |     4 |       ||     4
       Dart              |       |     5 |       ||     5
       Boomerang         |       |       |    16 ||    16
Invok: Berserk           |       |       |     1 ||     1
  Use: Scroll            |       |     2 |     3 ||     5
Armor: Animal skin       |     4 |       |       ||     4
       Ring mail         |    17 |    34 |       ||    51
       Chain mail        |       |     6 |    63 ||    69
       Crystal plate arm |       |       |    13 ||    13
Dodge: Dodged            |    48 |    38 |    46 ||   132
Block: Kite shield       |       |       |    34 ||    34
       Reflection        |       |       |     1 ||     1

Table legend: (Time is in decaauts)
 A = Elapsed time spent in this place.
 B = Non-inter-level travel time spent in this place.
 C = Inter-level travel time spent in this place.
 D = Time resting spent in this place.
 E = Time spent auto-exploring this place.
 F = Levels seen in this place.
 G = Mean time per level.
                   A        B        C        D        E       F      G
               +--------+--------+--------+--------+--------+-----+--------+
         Total |   7070 |   6774 |    296 |    737 |   4090 |   7 | 1010.0 |
       Dungeon |   6662 |   6366 |    296 |    737 |   3879 |   6 | 1110.3 |
         Sewer |    408 |    408 |      0 |      0 |    211 |   1 |  408.0 |
               +--------+--------+--------+--------+--------+-----+--------+

Top non-repeatable levels by time:
     D:3: 1528 daAuts
     D:2: 1126 daAuts
     D:5: 1100 daAuts
     D:6: 1088 daAuts
     D:4: 1024 daAuts
     D:1: 794 daAuts
   Sewer: 408 daAuts

Table legend:
 A = Kills in this place as a percentage of kills in entire the game.
 B = Kills by you in this place as a percentage of kills by you in the entire game.
 C = Kills by friends in this place as a percentage of kills by friends in the entire game.
 D = Other kills in this place as a percentage of other kills in the entire game.
 E = Experience gained in this place as a percentage of experience gained in the entire game.
 F = Experience gained in this place divided by the number of levels of this place that you have seen.
                   A       B       C       D       E      F
               +-------+-------+-------+-------+-------+----------------------
         Total | 100.0 | 100.0 |   N/A |   N/A | 100.0 | 523.9
       Dungeon |  91.6 |  91.6 |   N/A |   N/A |  99.0 | 604.8
         Sewer |   8.4 |   8.4 |   N/A |   N/A |   1.0 |  38.0
               +-------+-------+-------+-------+-------+----------------------
